 Dungeon Crawl Stone Soup version 0.25.0-10-g039870ee82 (webtiles) character file.

Game seed: 15581711066075568856

4928 MisterFreud the Cleaver (level 10, -4/88 HPs)
             Began as a Deep Dwarf Fighter on June 22, 2020.
             Was a Priest of Makhleb.
             Slain by a two-headed ogre
             ... wielding a +0 giant club
              (13 damage)
             ... on level 9 of the Dungeon.
             The game lasted 00:28:50 (5383 turns).

MisterFreud the Cleaver (Deep Dwarf Fighter)        Turns: 5383, Time: 00:28:51

Health: -4/88      AC: 14    Str: 23    XL:     10   Next: 27%
Magic:  10/10      EV:  6    Int:  9    God:    Makhleb [***...]
Gold:   298        SH: 11    Dex: 18    Spells: 9/9 levels left

rFire    . . .     SeeInvis .   D - +0 broad axe
rCold    . . .     Gourm    .   c - +0 kite shield
rNeg     . . .     Faith    .   x - +0 chain mail
rPois    +         Spirit   .   i - +0 helmet
rElec    .         Reflect  .   (no cloak)
rCorr    .         Harm     .   y - +1 pair of gloves
MR       +....                  (no boots)
Stlth    ..........             (no amulet)
HPRegen  0.00/turn              q - +6 ring of dexterity
MPRegen  0.12/turn              v - ring of poison resistance

@: non-regenerating
A: damage resistance, heal wounds, sense surroundings 2, no regeneration
a: Heal Wounds, Minor Destruction, Lesser Servant of Makhleb, Renounce Religion


You were on level 9 of the Dungeon.
You worshipped Makhleb.
Makhleb was most pleased with you.
You were not hungry.

You visited 2 branches of the dungeon, and saw 10 of its levels.
You also visited: Sewer.

You collected 298 gold pieces.

Inventory:

Hand Weapons
 a - a +0 war axe
 D - a +0 broad axe (weapon)
Armour
 c - a +0 kite shield (worn)
 i - a +0 helmet (worn)
 x - a +0 chain mail (worn)
 y - a +1 pair of gloves (worn)
Jewellery
 m - an uncursed ring of ice
 q - a +6 ring of dexterity (left hand)
 s - the ring "Inefouf" {rN+ MP+9 AC-4}
   (You found it on level 7 of the Dungeon)

   [ring of protection]

   It affects your AC (-4).
   It protects you from negative energy.
   It affects your magic capacity (+9).
 v - a ring of poison resistance (right hand)
Wands
 r - a wand of clouds (4)
Scrolls
 b - a scroll of immolation {unknown}
 k - a scroll of blinking {unknown}
 n - 2 scrolls of teleportation
 o - 2 scrolls of fog
 u - a scroll of amnesia {unknown}
 B - 3 scrolls of identify
 C - a scroll of noise {unknown}
Potions
 d - 6 potions of might
 e - 2 potions of flight
 g - a potion of berserk rage {unknown}
 h - 3 potions of cancellation
 l - 3 potions of haste {unknown}
 p - 2 potions of curing {unknown}
 t - a potion of lignification {unknown}
 w - 2 potions of degeneration {unknown}
 z - 2 potions of magic {unknown}
 A - 2 potions of brilliance {unknown}
Comestibles
 f - 9 rations
 j - 9 chunks of flesh


   Skills:
 - Level 5.0 Fighting
 + Level 10.9 Axes
 + Level 6.8 Armour
 + Level 6.8 Shields
 * Level 7.8 Invocations
 - Level 5.0 Evocations


You had 9 spell levels left.
You didn't know any spells.
Your spell library contained the following spells:

 Spells                   Type           Power        Failure   Level  Hunger
 Freeze                   Ice            #...         100%        1    ##.....
 Confusing Touch          Hex            #.......     100%        3    ####...
 Frozen Ramparts          Ice            #.....       100%        3    ####...
 Gell's Gravitas          Tloc           #.........   100%        3    ####...
 Ozocubu's Armour         Chrm/Ice       #.......     100%        3    ####...
 Hailstorm                Conj/Ice       #.......     100%        4    #####..
 Petrify                  Tmut/Erth      #.......     100%        4    #####..
 Summon Ice Beast         Ice/Summ       #.......     100%        4    #####..
 Metabolic Englaciation   Hex/Ice        #.........   100%        5    ######.
 Yara's Violent Unravell  Hex/Tmut       #.........   100%        5    ######.


Dungeon Overview and Level Annotations

Branches:
Dungeon (9/15)             Temple (1/1) D:4           Sewer (visited)
   Lair: D:8-11         Orc: D:9-12

Altars:
Ashenzari
Cheibriados
Fedhas
Gozag
Hepliaklqana
Kikubaaqudgha
Makhleb
Nemelex Xobeh
Okawaru
Qazlal
Ru
Sif Muna
Trog
Wu Jian
Xom
Yredelemnul

Shops:
D:5 %   D:6 =


Innate Abilities, Weirdness & Mutations

You are resistant to damage.
You can heal yourself by infusing magical energy.
You passively map the area around you.
You do not regenerate.


Message History

The two-headed ogre hits you with a +0 giant club!
You slash the two-headed ogre!
The two-headed ogre is heavily wounded.
The two-headed ogre hits you but does no damage.
The two-headed ogre hits you with a +0 giant club!
* * * LOW HITPOINT WARNING * * *
You slash the two-headed ogre!
The two-headed ogre is almost dead.
The two-headed ogre barely misses you. You block the two-headed ogre's attack.
You hit the two-headed ogre but do no damage.
The two-headed ogre is almost dead.
Your shield and chain mail prevent you from hitting the two-headed ogre.
The two-headed ogre is almost dead.
You block the two-headed ogre's attack. x2
You slash the two-headed ogre!
The two-headed ogre is almost dead.
The two-headed ogre hits you with a +0 giant club!!
* * * LOW HITPOINT WARNING * * *
The two-headed ogre hits you with a +0 giant club!
You die...

, * * ...# * .....# #
,,......#* #. *,
,.......## #. , *
........# ##. * ,,
.........### #.. * *
,........#..### #..
.........##..#### #.. ,*
,.......@.###....### #..
,
........O.####....######
, ..........#
###........ *,
..........# ##....... **
..........# #....#### *
*........### ##.###
######### ###


You could see a two-headed ogre.

Vanquished Creatures
  Joseph (D:8)
  A hippogriff (D:8)
  6 yaks (D:9)
  3 hungry ghosts
  2 ice beasts
  An orc warrior (D:8)
  2 black bears
  3 ogres
  2 centaurs
  7 bullfrogs
  A wyvern zombie (D:9)
  2 scorpions
  4 killer bees (D:7)
  4 crimson imps
  A centaur zombie (D:8)
  2 bullfrog zombies (D:7)
  A quasit (D:8)
  4 hounds
  5 orc priests
  2 jellies
  A centaur skeleton (D:8)
  4 orc wizards
  3 bullfrog skeletons
  4 iguanas
  5 worker ants
  3 hell rats (D:8)
  A howler monkey zombie (D:9)
  7 gnolls
  5 river rats (D:8)
  14 adders
  2 shadow imps
  An ooze (D:1)
  6 leopard geckos
  28 orcs
  7 bats
  5 giant cockroaches
  3 goblins
  4 hobgoblins
  6 jackals (Sewer)
  10 quokkas
  3 ball pythons
  A ball python skeleton (D:4)
  9 frilled lizards
  14 kobolds
  A leopard gecko skeleton (D:7)
  20 rats
  A plant (Sewer)
222 creatures vanquished.

Notes
Turn   | Place    | Note
-------+----------+-------------------------------------------
     0 | D:1      | MisterFreud the Deep Dwarf Fighter began the quest for the
                  | Orb.
     0 | D:1      | Reached XP level 1. HP: 20/20 MP: 1/1
   128 | D:1      | Reached skill level 3 in Axes
   147 | D:1      | Reached XP level 2. HP: 25/27 MP: 2/2
   434 | D:2      | Reached skill level 4 in Axes
   434 | D:2      | Reached XP level 3. HP: 21/33 MP: 3/3
   518 | D:3      | Found an ancient bone altar of Kikubaaqudgha.
   716 | D:3      | Reached XP level 4. HP: 28/40 MP: 4/4
   717 | D:3      | Reached skill level 5 in Axes
   779 | D:3      | Found a glowing drain.
   826 | D:3      | Reached XP level 5. HP: 43/46 MP: 5/5
   839 | Sewer    | Entered a sewer
   947 | Sewer    | Reached skill level 6 in Axes
  1374 | D:4      | Noticed an ogre
  1381 | D:4      | Killed an ogre
  1501 | D:4      | Reached XP level 6. HP: 31/55 MP: 5/5
  1509 | D:4      | Found a shattered altar of Ashenzari.
  1512 | D:4      | Found a shimmering altar of Xom.
  1518 | D:4      | Found a sparkling altar of Nemelex Xobeh.
  1518 | D:4      | Found an iron altar of Okawaru.
  1518 | D:4      | Found an ornate altar of the Wu Jian Council.
  1542 | D:4      | Found a staircase to the Ecumenical Temple.
  1548 | Temple   | Entered the Ecumenical Temple
  1555 | Temple   | Became a worshipper of Makhleb the Destroyer
  1687 | D:4      | Reached skill level 1 in Evocations
  1893 | D:5      | Entered Level 5 of the Dungeon
  1908 | D:5      | Found Xyturuf's Food Emporium.
  2252 | D:5      | Reached XP level 7. HP: 29/61 MP: 6/6
  2528 | D:5      | Reached skill level 7 in Axes
  2626 | D:5      | Reached * piety under Makhleb
  2681 | D:6      | Reached skill level 5 in Armour
  2681 | D:6      | Reached skill level 5 in Shields
  2756 | D:6      | Found Qepusomm's Jewellery Boutique.
  3048 | D:6      | Reached XP level 8. HP: 42/68 MP: 9/9
  3081 | D:6      | Reached skill level 5 in Evocations
  3269 | D:7      | Reached skill level 8 in Axes
  3347 | D:7      | Reached skill level 9 in Axes
  3525 | D:7      | Reached skill level 10 in Axes
  3561 | D:7      | Got a warped golden ring
  3572 | D:7      | Identified the cursed ring "Inefouf" {rN+ MP+9 AC-4} (You
                  | found it on level 7 of the Dungeon)
  3735 | D:7      | Gained mutation: You passively map the area around you.
                  | [Deep Dwarf growth]
  3735 | D:7      | Reached XP level 9. HP: 36/80 MP: 10/10
  3758 | D:7      | Reached skill level 5 in Fighting
  3864 | D:8      | Found an opulent altar of Gozag.
  3901 | D:8      | Reached ** piety under Makhleb
  3901 | D:8      | Reached skill level 1 in Invocations
  4537 | D:8      | Reached *** piety under Makhleb
  4610 | D:8      | Reached skill level 5 in Invocations
  4794 | D:8      | Noticed Joseph
  4806 | D:8      | Killed Joseph
  5063 | D:9      | Noticed a two-headed ogre
  5239 | D:9      | Reached XP level 10. HP: 57/88 MP: 9/11
  5371 | D:9      | Noticed a two-headed ogre
  5374 | D:9      | HP: 4/88 [two-headed ogre/+0 giant club (18)]
  5383 | D:9      | Slain by a two-headed ogre

Illustrated notes

Levels and vault maps discovered:
D:1:      ncdulo_smallfort, layout_loops_ring
D:2:      lemuel_upstairs_altar, layout_basic, good_gods_mini_temple,
          minmay_misc_feat_diagonals, uniq_jessica
D:3:      layout_rooms, kiku_gazebo_pond_becter, gup_sewer_entry_glass,
          corner_web_ring
D:4:      layout_gridville, minitemple, minmay_temple_entry_hall, first_ration
D:5:      layout_loops_ring, serial_shops, shop_statue, st_stairs_10
D:6:      layout_loops_ring, serial_shops, nicolae_shop_statue_plus,
          corexii_shack
D:7:      layout_basic
D:8:      lemuel_ratsnest, layout_basic, grunt_gozag_statues, uniq_joseph
D:9:      layout_cave_pods
Temple:   nicolae_temple_x_marks_the_god

Skill      XL: |  1  2  3  4  5  6  7  8  9 10 |
---------------+-------------------------------+-----
Axes           | 3 4 5 6 7 10 | 10.9
Armour         | 4 5 6 |  6.8
Shields        | 4 5 6 |  6.8
Evocations     | 2 4 5 |  5.0
Fighting       | 4 5 |  5.0
Invocations    | 6 7 |  7.8

Action                   |  1- 3 |  4- 6 |  7- 9 | 10-12 || total
-------------------------+-------+-------+-------+-------++-------
Melee: War axe           |   107 |   229 |   376 |       ||   712
       Broad axe         |       |       |   162 |    58 ||   220
 Abil: Heal Wounds       |     1 |     5 |     6 |     2 ||    14
  Use: Scroll            |       |       |     7 |       ||     7
  Eat: Chunk             |       |     5 |    19 |     3 ||    27
       Ration            |       |       |     1 |       ||     1
Armor: Scale mail        |    59 |    91 |       |       ||   150
       Chain mail        |       |    19 |   263 |    27 ||   309
Dodge: Dodged            |    44 |    59 |   112 |    23 ||   238
Block: Kite shield       |    63 |   101 |   295 |    25 ||   484
